 Dungeon Crawl Stone Soup version 0.22.0-40-g68aacdc4c8 (webtiles) character file.

672 Freyura the Magician (level 7, -5/51 HPs)
             Began as a Gnoll Wizard on Sept 1, 2018.
             Slain by a sky beast (6 damage)
             ... on level 5 of the Dungeon.
             The game lasted 00:23:10 (4314 turns).

Freyura the Magician (Gnoll Wizard)                 Turns: 4314, Time: 00:23:11

Health: -5/51      AC:  3    Str: 13    XL:     7   Next: 58%
Magic:  17/18      EV: 15    Int: 22    God:
Gold:   180        SH:  0    Dex: 14    Spells: 15/21 levels left

rFire    + . .     SeeInvis .   g - +0 lajatang
rCold    . . .     Gourm    .   (shield currently unavailable)
rNeg     . . .     Faith    .   a - +0 robe
rPois    .         Spirit   .   b - +1 hat
rElec    .         Reflect  .   (no cloak)
rCorr    .         Harm     .   (no gloves)
MR       .....                  (no boots)
Stlth    +++.......             (no amulet)
HPRegen  0.17/turn              h - ring of protection from fire
MPRegen  0.16/turn              l - +4 ring of strength

@: no status effects
A: distributed training, fangs 1, strong nose
a: no special abilities


You were on level 5 of the Dungeon.
You were not hungry.

You visited 1 branch of the dungeon, and saw 5 of its levels.

You collected 180 gold pieces.

Inventory:

Hand Weapons
 g - a +0 lajatang (weapon)
 i - a +0 dagger
Armour
 a - a +0 robe (worn)
 b - a +1 hat (worn)
Jewellery
 h - a ring of protection from fire (left hand)
 l - a +4 ring of strength (right hand)
Wands
 j - a wand of polymorph (17)
 k - a wand of acid (10)
Scrolls
 c - a scroll of identify
 e - 2 scrolls of remove curse
Potions
 f - 3 potions of curing
Comestibles
 d - 5 rations


   Skills:
 + Level 2.5 Fighting
 + Level 2.5 Short Blades
 + Level 2.5 Long Blades
 + Level 2.5 Axes
 + Level 2.5 Maces & Flails
 + Level 2.5 Polearms
 + Level 2.5 Staves
 + Level 2.5 Slings
 + Level 2.5 Bows
 + Level 2.5 Crossbows
 + Level 2.5 Throwing
 + Level 2.5 Armour
 + Level 5.2 Dodging
 + Level 4.9 Stealth
 + Level 2.5 Shields
 + Level 2.5 Unarmed Combat
 + Level 7.6 Spellcasting
 + Level 3.0 Conjurations
 + Level 2.0 Hexes
 + Level 2.0 Charms
 + Level 3.0 Summonings
 + Level 2.0 Necromancy
 + Level 3.0 Translocations
 + Level 2.0 Transmutations
 + Level 2.0 Fire Magic
 + Level 2.0 Ice Magic
 + Level 2.0 Air Magic
 + Level 2.0 Earth Magic
 + Level 2.0 Poison Magic
 + Level 2.8 Invocations
 + Level 2.5 Evocations


You had 15 spell levels left.
You knew the following spells:

 Your Spells              Type           Power        Failure   Level  Hunger
a - Magic Dart            Conj           ###.         2%          1    None
b - Conjure Flame         Conj/Fire      ###.....     9%          3    None
c - Call Imp              Summ           ###.....     3%          2    None

Your spell library contained the following spells:

 Spells                   Type           Power        Failure   Level  Hunger
 Blink                    Tloc           N/A          3%          2    None
 Slow                     Hex            ###.....     4%          2    None
 Mephitic Cloud           Conj/Pois/Air  ###.....     9%          3    None


Dungeon Overview and Level Annotations

Branches:
Dungeon (5/15)
 Temple: D:4-7

Altars:


Innate Abilities, Weirdness & Mutations

Your experience applies equally to all skills.
You have very sharp teeth.
Your uncanny sense of smell can sniff out nearby items.


Message History

Reactivating autopickup.
The sky beast hits you but does no damage.
You miss the sky beast.
The sky beast is severely wounded.
The sky beast flickers out of sight!
Deactivating autopickup; reactivate with Ctrl-A.
Something hits you. Something shocks you.
* * * LOW HITPOINT WARNING * * *
You closely miss something. Something barely misses you.
You closely miss something. Something hits you.
* * * LOW HITPOINT WARNING * * *
Something shocks you.
* * * LOW HITPOINT WARNING * * *
Something hits you but does no damage.
You closely miss something. Something hits you but does no damage.
You barely miss something. Something hits you but does no damage.
You closely miss something. Your bite misses something. Something hits you.
* * * LOW HITPOINT WARNING * * *
Something shocks you.
You die...

$....# #......###
P≈≈≈≈..
≈≈≈≈....#.♣≈≈≈≈≈..
≈P≈P......≈≈≈≈≈...
≈≈≈≈P......≈.≈≈≈≈..
≈≈≈P≈.....#..≈≈≈≈..#
≈≈≈≈≈≈..(..#♣≈≈P≈P≈P#
≈≈PP≈≈.......{.≈≈P≈.#
≈≈≈≈≈≈P....#@?P≈≈.P.#
≈≈P≈≈≈P..#.##..♣♣.###
≈PP≈≈P...#.###.#
P≈≈≈≈≈≈.....# ..#
P≈≈P≈≈P.....##.##
######.).....##
####......###..#
##.....##### ###
#...####


There were no monsters in sight!

Vanquished Creatures
  An ogre (D:2)
  A water moccasin zombie (D:5)
  2 scorpions (D:4)
  A bullfrog skeleton (D:4)
  A hound (D:4)
  A centaur skeleton (D:5)
  An iguana (D:4)
  4 worker ants
  6 adders
  2 oozes
  4 worms
  4 dart slugs
  A leopard gecko (D:4)
  9 orcs
  A ball python (D:2)
  2 giant cockroaches
  4 goblins
  8 hobgoblins
  8 jackals
  5 kobolds
  9 bats
  4 frilled lizards
  3 rats
82 creatures vanquished.

Vanquished Creatures (collateral kills)
  2 orc priests (D:3)
  4 gnolls (D:2)
  3 orcs (D:3)
9 creatures vanquished.

Grand Total: 91 creatures vanquished

Notes
Turn   | Place    | Note
-------+----------+-------------------------------------------
     0 | D:1      | Freyura the Gnoll Wizard began the quest for the Orb.
     0 | D:1      | Reached XP level 1. HP: 13/13 MP: 8/8
   112 | D:1      | Reached XP level 2. HP: 19/19 MP: 5/10
   709 | D:2      | Reached XP level 3. HP: 25/25 MP: 5/11
   827 | D:2      | Noticed an ogre
   837 | D:2      | Killed an ogre
   837 | D:2      | Reached skill level 1 in Fighting
   837 | D:2      | Reached skill level 1 in Short Blades
   837 | D:2      | Reached skill level 1 in Long Blades
   837 | D:2      | Reached skill level 1 in Axes
   837 | D:2      | Reached skill level 1 in Maces & Flails
   837 | D:2      | Reached skill level 1 in Polearms
   837 | D:2      | Reached skill level 1 in Staves
   837 | D:2      | Reached skill level 1 in Slings
   837 | D:2      | Reached skill level 1 in Bows
   837 | D:2      | Reached skill level 1 in Crossbows
   837 | D:2      | Reached skill level 1 in Throwing
   837 | D:2      | Reached skill level 1 in Armour
   837 | D:2      | Reached skill level 1 in Shields
   837 | D:2      | Reached skill level 1 in Unarmed Combat
   837 | D:2      | Reached skill level 1 in Hexes
   837 | D:2      | Reached skill level 1 in Charms
   837 | D:2      | Reached skill level 1 in Necromancy
   837 | D:2      | Reached skill level 1 in Transmutations
   837 | D:2      | Reached skill level 1 in Fire Magic
   837 | D:2      | Reached skill level 1 in Ice Magic
   837 | D:2      | Reached skill level 1 in Air Magic
   837 | D:2      | Reached skill level 1 in Earth Magic
   837 | D:2      | Reached skill level 1 in Poison Magic
   837 | D:2      | Reached skill level 1 in Invocations
   837 | D:2      | Reached skill level 1 in Evocations
   837 | D:2      | Reached XP level 4. HP: 29/32 MP: 3/13
  1218 | D:2      | Reached XP level 5. HP: 37/37 MP: 11/14
  1225 | D:2      | Learned a level 3 spell: Conjure Flame
  1228 | D:2      | Learned a level 2 spell: Call Imp
  2390 | D:3      | Reached XP level 6. HP: 32/44 MP: 6/16
  3352 | D:4      | Reached skill level 5 in Dodging
  3443 | D:4      | Reached XP level 7. HP: 28/50 MP: 16/18
  3874 | D:5      | Entered Level 5 of the Dungeon
  4314 | D:5      | HP: 1/51 [something (4)]
  4314 | D:5      | Slain by a sky beast

Skill      XL: |  1  2  3  4  5  6  7 |
---------------+----------------------+-----
Conjurations   | 2 3 |  3.0
Summonings     | 2 3 |  3.0
Translocations | 2 3 |  3.0
Fighting       | 1 2 |  2.5
Short Blades   | 1 2 |  2.5
Long Blades    | 1 2 |  2.5
Axes           | 1 2 |  2.5
Maces & Flails | 1 2 |  2.5
Polearms       | 1 2 |  2.5
Staves         | 1 2 |  2.5
Slings         | 1 2 |  2.5
Bows           | 1 2 |  2.5
Crossbows      | 1 2 |  2.5
Throwing       | 1 2 |  2.5
Armour         | 1 2 |  2.5
Shields        | 1 2 |  2.5
Unarmed Combat | 1 2 |  2.5
Hexes          | 1 2 |  2.0
Charms         | 1 2 |  2.0
Necromancy     | 1 2 |  2.0
Transmutations | 1 2 |  2.0
Fire Magic     | 1 2 |  2.0
Ice Magic      | 1 2 |  2.0
Air Magic      | 1 2 |  2.0
Earth Magic    | 1 2 |  2.0
Poison Magic   | 1 2 |  2.0
Invocations    | 1 2 |  2.8
Evocations     | 1 2 |  2.5
Dodging        | 5 |  5.2
Stealth        | |  4.9
Spellcasting   | |  7.6

Action                   |  1- 3 |  4- 6 |  7- 9 || total
-------------------------+-------+-------+-------++-------
Melee: Unarmed           |     7 |     2 |       ||     9
       Dagger            |       |    18 |    17 ||    35
       Bite              |       |     7 |     4 ||    11
       Lajatang          |       |    16 |    57 ||    73
 Cast: Magic Dart        |    46 |   152 |    14 ||   212
       Call Imp          |       |    14 |       ||    14
  Use: Scroll            |     3 |     6 |       ||     9
 Stab: Sleeping          |       |     3 |     3 ||     6
  Eat: Ration            |       |     2 |     2 ||     4
Armor: Robe              |     4 |     7 |    14 ||    25
Dodge: Dodged            |    10 |    35 |    58 ||   103
